 Dungeon Crawl Stone Soup version 0.27.1-1-g398f81649c (webtiles) character file.

Game seed: 9460052038678482362

127 Rickety the Sneak (level 4, -3/21 HPs)
             Began as a Spriggan Enchanter on Sept 18, 2021.
             Slain by a wraith (10 damage)
             ... in an ossuary.
             The game lasted 00:08:09 (3846 turns).

Rickety the Sneak (Spriggan Enchanter)              Turns: 3846, Time: 00:08:10

Health: -3/21      AC:  2    Str:  4    XL:     4   Next: 85%
Magic:  6/10       EV: 17    Int: 16    God:
Gold:   110        SH:  0    Dex: 16    Spells: 0/9 levels left

rFire    . . .     SeeInvis +   a - +1 dagger
rCold    . . .     Faith    .   (shield restricted)
rNeg     . . .     Spirit   .   b - +0 robe
rPois    .         Reflect  .   (helmet restricted)
rElec    .         Harm     .   (no cloak)
rCorr    .         Rampage  .   (gloves unavailable)
Will     .....                  (boots unavailable)
Stlth    ++++......             j - amulet of the acrobat
HPRegen  0.07/turn              (no ring)
MPRegen  0.12/turn              (no ring)

@: very slightly contaminated, slowed, quick
A: very small, no large weapons, unfitting armour, see invisible, speed 3
a: no special abilities


You were in an ossuary.
You visited 1 branch of the dungeon, and saw 4 of its levels.
You also visited: Ossuary.

You collected 110 gold pieces.

Inventory:

Hand Weapons
 a - a +1 dagger (weapon)
Armour
 b - a +0 robe (worn)
Magical Staves
 l - a staff of air
Jewellery
 j - an amulet of the acrobat (around neck)
Wands
 k - a wand of flame (21)
Scrolls
 c - a scroll of enchant weapon {unknown}
 f - a scroll of vulnerability {unknown}
 g - 3 scrolls of teleportation {unknown}
 h - a scroll of fog {unknown}
 i - 2 scrolls of silence {unknown}
 m - a scroll of identify {unknown}
Potions
 d - 2 potions of curing {unknown}
 e - 4 potions of degeneration {unknown}
 n - a potion of cancellation {unknown}


   Skills:
 + Level 0.1 Fighting
 + Level 1.7 Short Blades
 + Level 2.8 Dodging
 * Level 7.3 Stealth
 + Level 3.4 Spellcasting
 + Level 4.1 Hexes


You couldn't memorise any spells.
You knew the following spells:

 Your Spells              Type           Power      Damage    Failure   Level
a - Corona                Hex            17%        N/A       3%          1
b - Ensorcelled Hibernat  Hex/Ice        18%        N/A       12%         2
c - Confusing Touch       Hex            16%        N/A       10%         3
t - Tukima's Dance        Hex            16%        N/A       10%         3

Your spell library contained the following spells:

 Spells                   Type           Power      Damage    Failure   Level
 Dazzling Flash           Conj/Hex       18%        N/A       22%         3
 Passwall                 Tmut/Erth      1%         N/A       26%         2
 Swiftness                Air            2%         N/A       47%         3
 Invisibility             Hex            8%         N/A       99%         6
 Borgnjor's Revivificati  Necr           1%         N/A       100%        8
 Necromutation            Tmut/Necr      1%         N/A       100%        8
 Death's Door             Necr           1%         N/A       100%        9


Dungeon Overview and Level Annotations

Branches:
Dungeon (4/15)            Ossuary (1/1)
 Temple: D:4-7

Altars:
Trog


Innate Abilities, Weirdness & Mutations

You are very small and have problems with some larger weapons.
You are too small for most types of armour.
You have supernaturally acute eyesight. (SInv)
You cover ground extremely quickly. (Speed+++)


Message History

d - 2 smoky puce potions (gained 1)
i - 2 scrolls labelled UNYNASUAGO (gained 1)
n - a black potion
Casting: Confusing Touch (extremely dangerous; 10% risk of failure)
Confirm with . or Enter, or press ? or * to list all spells.
The spell is extremely dangerous to cast (10% risk of failure)!
Continue anyway?
Your hands begin to glow red.
You open the door.
There is an open door here.
You open the door.
There is an open door here.
Found three items.
Found a fuming silvery potion.
You open the door.
Your hands stop glowing.
A wraith comes into view.
There is an open door here.
The helpless wraith fails to defend itself.
You impale the wraith!!
The wraith is severely damaged.
You hit the wraith but do no damage.
The wraith is severely damaged.
The wraith closely misses you.
Casting: Confusing Touch (extremely dangerous; 10% risk of failure)
Confirm with . or Enter, or press ? or * to list all spells.
The spell is extremely dangerous to cast (10% risk of failure)!
Continue anyway? [Y]es or [N]o only, please.
The spell is extremely dangerous to cast (10% risk of failure)!
Continue anyway? [Y]es or [N]o only, please.
The spell is extremely dangerous to cast (10% risk of failure)!
Continue anyway?
You miscast Confusing Touch.
You are very lightly contaminated with residual magic.
Nothing appears to happen.
The wraith hits you! The wraith drains your vigour!
You feel yourself slow down.
You hit the wraith but do no damage.
The wraith is severely damaged.
The wraith hits you. The wraith drains your vigour!
You feel as though you will be slow longer.
The wraith hits you!
You die...

########## #.........
#.@# #.#W# #z #######
### #.###..## #.....#
#z# #........
#.8.8.#####▓###.###..??
'.......'.....'.# !/
#.8.8.#####▓###.#
#.....# #W# #...
####### ### #.###


You could see a wraith.

Vanquished Creatures
  An adder (D:3)
  2 adder zombies (Ossuary)
  A worm (D:3)
  A dart slug (D:1)
  5 orcs
  3 ball pythons
  7 bats
  7 endoplasms
  3 giant cockroaches
  4 hobgoblins
  3 jackals (D:2)
  7 kobolds
  2 quokkas
  5 frilled lizards
  8 goblins
  A hobgoblin skeleton (Ossuary)
  A hobgoblin zombie (Ossuary)
  2 orc skeletons (Ossuary)
  An orc zombie (Ossuary)
  5 rats
69 creatures vanquished.

Vanquished Creatures (collateral kills)
  A wight (Ossuary)
1 creature vanquished.

Grand Total: 70 creatures vanquished

Notes
Turn   | Place    | Note
-------+----------+-------------------------------------------
     0 | D:1      | Rickety the Spriggan Enchanter began the quest for the Orb.
     0 | D:1      | Reached XP level 1. HP: 9/9 MP: 5/5
   377 | D:1      | Reached skill level 5 in Stealth
   380 | D:1      | Reached XP level 2. HP: 13/13 MP: 6/6
   383 | D:1      | Learned a level 2 spell: Ensorcelled Hibernation
  1086 | D:1      | Reached XP level 3. HP: 16/16 MP: 5/8
  1247 | D:1      | Learned a level 3 spell: Confusing Touch
  1780 | D:2      | Found a faded altar of an unknown god.
  2552 | D:3      | Reached skill level 6 in Stealth
  2562 | D:3      | Reached XP level 4. HP: 21/21 MP: 1/10
  2638 | D:3      | Learned a level 3 spell: Tukima's Dance
  3322 | D:3      | Found a bloodstained altar of Trog.
  3426 | D:4      | Found a sand-covered staircase.
  3432 | Ossuary  | Entered an ossuary
  3591 | Ossuary  | Reached skill level 7 in Stealth
  3830 | Ossuary  | Noticed a flying skull
  3830 | Ossuary  | Noticed a wraith
  3837 | Ossuary  | Noticed a flying skull
  3842 | Ossuary  | Noticed a wraith
  3846 | Ossuary  | Slain by a wraith

Illustrated notes

Levels and vault maps discovered:
D:1:      noname_arrival_rooms_in_the_neighbourhood, layout_basic,
          serial_co_window_serial, co_window_of_opportunity_a,
          co_window_paths_a, co_window_paths_a, co_window_of_opportunity_a,
          co_window_paths_b, co_window_cross_1, co_window_paths_b,
          co_window_of_opportunity_a, co_window_paths_b,
          co_window_of_opportunity_b, co_window_broadway_c,
          co_window_unsneaky_path_b, co_window_paths_d, co_window_paths_e,
          glass_columns_a, minmay_tall_x
D:2:      layout_loops_ring, hellmonk_ecumenical_altar_arch_garden
D:3:      layout_basic, bloody_trog
D:4:      layout_basic, gammafunk_temple_overflow_forgotten,
          nicolae_ossuary_entry_plus
Ossuary:  ossuary_due_cavern

Skill      XL: |  1  2  3  4 |
---------------+-------------+-----
Stealth        | 5 6 7 |  7.3
Spellcasting   | 3 |  3.4
Hexes          | 4 |  4.1
Fighting       | |  0.1
Short Blades   | |  1.7
Dodging        | |  2.8

Action                   |  1- 3 |  4- 6 || total
-------------------------+-------+-------++-------
Melee: Dagger            |    99 |    56 ||   155
 Cast: Corona            |     9 |       ||     9
       Ensorcelled Hiber |    25 |     9 ||    34
       Tukima's Dance    |       |     4 ||     4
       Confusing Touch   |       |     3 ||     3
 Stab: Sleeping          |    31 |    15 ||    46
Armor: Robe              |    14 |    10 ||    24
Dodge: Dodged            |    78 |    40 ||   118
